 Dungeon Crawl Stone Soup version 0.21.1-1-g345015fe64 (webtiles) character file.

78 Enjoyment the Skirmisher (level 4, -3/41 HPs)
             Began as a Minotaur Berserker on June 21, 2018.
             Was a Believer of Trog.
             Slain by Morteh's ghost (13 damage)
             ... on level 3 of the Dungeon.
             The game lasted 00:06:13 (1715 turns).

Enjoyment the Skirmisher (Minotaur Berserker)       Turns: 1715, Time: 00:06:13

Health: -3/41      AC:  8    Str: 22    XL:     4   Next: 15%
Magic:  3/3        EV: 12    Int:  4    God:    Trog [**....]
Gold:   73         SH:  0    Dex: 10    Spells: 3/3 levels left

rFire    . . .     SeeInvis .   a - +0 spear
rCold    . . .     Gourm    .   (no shield)
rNeg     . . .     Faith    .   k - +3 ring mail
rPois    .         Spirit   .   (helmet restricted)
rElec    .         Reflect  .   (no cloak)
rCorr    .         Harm     .   (no gloves)
MR       .....                  (no boots)
Stlth    ..........             (no amulet)
HPRegen  0.13/turn              (no ring)
MPRegen  0.08/turn              (no ring)

@: no status effects
A: retaliatory headbutt, horns 2
a: Berserk, Trog's Hand, Burn Spellbooks, Renounce Religion


You were on level 3 of the Dungeon.
You worshipped Trog.
Trog was pleased with you.
You were not hungry.

You visited 1 branch of the dungeon, and saw 3 of its levels.

You collected 73 gold pieces.

Inventory:

Hand Weapons
 a - a +0 spear (weapon)
Armour
 b - a +0 animal skin
 h - a +0 robe
 j - a +0 leather armour
 k - a +3 ring mail (worn)
Scrolls
 d - 2 scrolls of remove curse {unknown}
 f - 3 scrolls of fog {unknown}
 g - 2 scrolls of teleportation {unknown}
Potions
 e - a potion of flight {unknown}
 i - a potion of experience {unknown}
 l - 2 potions of curing {unknown}
Books
 m - a book of Changes

   Spells                             Type                      Level
   a - Beastly Appendage              Transmutation                1
   b - Sticks to Snakes               Transmutation                2
   c - Spider Form                    Transmutation/Poison         3
   d - Ice Form                       Ice/Transmutation            4
   e - Blade Hands                    Transmutation                5
   Trog disapproves of the use of such an item.
Comestibles
 c - 4 rations


   Skills:
 + Level 4.7 Fighting
 + Level 4.6 Polearms
 + Level 2.6 Armour
 + Level 2.9 Dodging
 + Level 0.1 Stealth


You had 3 spell levels left.
You didn't know any spells.

Dungeon Overview and Level Annotations

Branches:
Dungeon (3/15)

Altars:
Fedhas
Nemelex Xobeh
Qazlal
Sif Muna
Uskayaw

Annotations:
D:3 Morteh's ghost, amateur GrFi


Innate Abilities, Weirdness & Mutations

You reflexively headbutt those who attack you in melee.
You have a pair of horns on your head.


Message History

Morteh's ghost closely misses you.
You hit Morteh's ghost but do no damage.
Your headbutt misses Morteh's ghost.
Morteh's ghost is almost destroyed.
Morteh's ghost hits you.
You barely miss Morteh's ghost.
Morteh's ghost is almost destroyed.
Morteh's ghost hits you but does no damage.
You hit Morteh's ghost.
Morteh's ghost is almost destroyed.
Morteh's ghost hits you.
* * * LOW HITPOINT WARNING * * *
You hit Morteh's ghost.
Morteh's ghost is almost destroyed.
Morteh's ghost barely misses you.
You hit Morteh's ghost but do no damage.
Morteh's ghost is almost destroyed.
Morteh's ghost screams, "You will join me soon!"
Morteh's ghost hits you!
You die...

### #.. #.# #.#
#.# # # #.###
##_# #.#.W.##8...
#...@.##....
#.####..#>....
#.......##....
#########..##8...
#.......'..# ##_#
###.#######..#
#### #...# ####
#.# #...# #.#
######...# #.#


You could see Morteh's ghost.

Vanquished Creatures
  Natasha (D:2)
  An adder (D:2)
  5 leopard geckos
  4 bats
  2 giant cockroaches
  3 goblins (D:1)
  3 hobgoblins
  7 jackals
  2 ball pythons (D:1)
  2 frilled lizards
  3 kobolds
  7 rats
40 creatures vanquished.

Notes
Turn   | Place    | Note
-------+----------+-------------------------------------------
     0 | D:1      | Enjoyment the Minotaur Berserker began the quest for the Orb.
     0 | D:1      | Reached XP level 1. HP: 19/19 MP: 0/0
   238 | D:1      | Reached XP level 2. HP: 27/27 MP: 1/1
   510 | D:1      | Reached ** piety under Trog
   645 | D:2      | Found a blossoming altar of Fedhas.
   687 | D:2      | Reached XP level 3. HP: 28/34 MP: 2/2
   725 | D:2      | Noticed Natasha
   734 | D:2      | Killed Natasha
  1018 | D:2      | Noticed a dagger
  1019 | D:2      | Noticed a hand axe
  1022 | D:2      | Found a hide-covered altar of Uskayaw.
  1057 | D:2      | Found a stormy altar of Qazlal.
  1432 | D:2      | Reached XP level 4. HP: 38/41 MP: 3/3
  1690 | D:3      | Found a deep blue altar of Sif Muna.
  1693 | D:3      | Found a sparkling altar of Nemelex Xobeh.
  1693 | D:3      | Noticed Morteh's ghost (amateur GrFi)
  1715 | D:3      | Slain by Morteh's ghost

Skill      XL: |  1  2 |
---------------+-------+-----
Polearms       | 4 |  4.6
Fighting       | 4 |  4.7
Armour         | |  2.6
Dodging        | |  2.9
Stealth        | |  0.1

Action                   |  1- 3 |  4- 6 || total
-------------------------+-------+-------++-------
Melee: Spear             |    77 |    28 ||   105
       Headbutt          |     8 |     5 ||    13
  Eat: Ration            |     1 |       ||     1
Armor: Animal skin       |     6 |       ||     6
       Robe              |     3 |       ||     3
       Ring mail         |     2 |     7 ||     9
       Leather armour    |     1 |       ||     1
Dodge: Dodged            |    82 |    13 ||    95
